[ PARTIDA AOE2 · #478424921 ]
UnrankedEspañoles vs Turks
[ ANÁLISIS DE REPETICIÓN · EXTRAÍDO DE LA PARTIDA GRABADA ]
Feudal
—
Castillos
—
Imperial
—
| APM promedio | 45.6 |
| APM pico | 44 |
| eAPM promedio | 14.5 |
| Aldeanos / militares | 5 / 0 |
Foco
⚔️ 9.1% · 🌾 90.9%
Feudal
—
Castillos
—
Imperial
—
| APM promedio | 82.9 |
| APM pico | 80 |
| eAPM promedio | 25.9 |
| Aldeanos / militares | 4 / 0 |
Foco
⚔️ 32.0% · 🌾 68.0%
Feudal
—
Castillos
—
Imperial
—
| APM promedio | 31.1 |
| APM pico | 30 |
| eAPM promedio | 14.5 |
| Aldeanos / militares | 5 / 0 |
Foco
⚔️ 0.0% · 🌾 100.0%
Feudal
—
Castillos
—
Imperial
—
| APM promedio | 41.5 |
| APM pico | 40 |
| eAPM promedio | 19.7 |
| Aldeanos / militares | 5 / 0 |
Foco
⚔️ 0.0% · 🌾 100.0%
Feudal
—
Castillos
—
Imperial
—
| APM promedio | 44.6 |
| APM pico | 43 |
| eAPM promedio | 17.6 |
| Aldeanos / militares | 6 / 0 |
Foco
⚔️ 14.3% · 🌾 85.7%
Feudal
—
Castillos
—
Imperial
—
| APM promedio | 63.2 |
| APM pico | 61 |
| eAPM promedio | 18.7 |
| Aldeanos / militares | 7 / 0 |
Foco
⚔️ 0.0% · 🌾 100.0%
Feudal
—
Castillos
—
Imperial
—
| APM promedio | 1.0 |
| APM pico | 1 |
| eAPM promedio | 1.0 |
| Aldeanos / militares | 0 / 0 |
Feudal
—
Castillos
—
Imperial
—
| APM promedio | 72.6 |
| APM pico | 70 |
| eAPM promedio | 13.5 |
| Aldeanos / militares | 4 / 0 |
Foco
⚔️ 0.0% · 🌾 100.0%
Mapa de la partida
Recursos iniciales + cada clic de construcción. Líneas = muros · curvas = relieve. ◆ oro · ⬟ piedra · ● bayas · ✦ reliquia · ◌ hueco del cierre
Tu base
Base de Kiyomizu-dera
Base de Herby
Base de .
Base de Menti Mentas
Base de mc 88
Base de Hasdrubal
Base de kinwaleung18
Terreno inicial suavizado · ◌ = hueco del cierre detectado · pasá el cursor para detalles
Inputs por minuto
— Evan - - Kiyomizu-dera
Build order — Evan
7 acciones detectadas en el replay
| 0:02 | Encolar | Villager (Male) |
| 0:02 | Encolar | Villager (Male) |
| 0:03 | Construir | House |
| 0:04 | Construir | House |
| 0:10 | Encolar | Villager (Male) |
| 0:30 | Encolar | Villager (Male) |
| 0:31 | Encolar | Villager (Male) |
Build order — Kiyomizu-dera
6 acciones detectadas en el replay
| 0:01 | Encolar | Villager (Male) |
| 0:01 | Encolar | Villager (Male) |
| 0:02 | Construir | House |
| 0:03 | Construir | House |
| 0:05 | Encolar | Villager (Male) |
| 0:08 | Encolar | Villager (Male) |
Build order — Herby
7 acciones detectadas en el replay
| 0:01 | Encolar | Villager (Male) |
| 0:02 | Encolar | Villager (Male) |
| 0:02 | Encolar | Villager (Male) |
| 0:02 | Encolar | Villager (Male) |
| 0:02 | Encolar | Villager (Male) |
| 0:08 | Construir | House |
| 0:11 | Construir | House |
Build order — .
9 acciones detectadas en el replay
| 0:03 | Encolar | Villager (Male) |
| 0:03 | Encolar | Villager (Male) |
| 0:03 | Encolar | Villager (Male) |
| 0:05 | Construir | House |
| 0:23 | Encolar | Villager (Male) |
| 0:23 | Encolar | Villager (Male) |
| 0:41 | Construir | House |
| 0:43 | Construir | House |
| 0:45 | Construir | House |
Build order — Menti Mentas
9 acciones detectadas en el replay
| 0:02 | Encolar | Villager (Male) |
| 0:02 | Encolar | Villager (Male) |
| 0:03 | Encolar | Villager (Male) |
| 0:03 | Construir | House |
| 0:04 | Construir | House |
| 0:09 | Investigar | Loom |
| 0:25 | Encolar | Villager (Male) |
| 0:25 | Encolar | Villager (Male) |
| 0:26 | Encolar | Villager (Male) |
Build order — mc 88
9 acciones detectadas en el replay
| 0:01 | Encolar | Villager (Male) |
| 0:02 | Construir | House |
| 0:03 | Construir | House |
| 0:06 | Encolar | Villager (Male) |
| 0:07 | Encolar | Villager (Male) |
| 0:07 | Encolar | Villager (Male) |
| 0:07 | Encolar | Villager (Male) |
| 0:08 | Encolar | Villager (Male) |
| 0:08 | Encolar | Villager (Male) |
Build order — Hasdrubal
0 acciones detectadas en el replay
Build order — kinwaleung18
3 acciones detectadas en el replay
| 0:02 | Encolar | Villager (Male) ×4 |
| 0:04 | Construir | House |
| 0:05 | Construir | House |
Cronología de la partida
| 0:50 | Hasdrubal · resign |
[ ANÁLISIS IA · 1 CRÉDITO ]
¿Qué pasó realmente en esta partida?
Wolo.gg analiza cada decisión: build order, eco, micro, errores típicos por bracket. Análisis personalizado por WhatsApp o Discord en 30 segundos.
Guía civ
Españoles
Perfil
Jugador #951307